 Dungeon Crawl Stone Soup version 0.27.0-1-g7a089689b8 (webtiles) character file.

Game seed: 18246940660691773699

11267 Dann the Basher (level 11, -2/97 HPs)
             Began as a Deep Dwarf Fighter on Aug 9, 2021.
             Slain by a vampire (3 damage)
             ... on level 10 of the Dungeon.
             The game lasted 00:43:46 (9383 turns).

Dann the Basher (Deep Dwarf Fighter)                Turns: 9383, Time: 00:43:47

Health: -2/97      AC: 17    Str: 30    XL:     11   Next: 47%
Magic:  0/0        EV:  8    Int:  8    God:
Gold:   727        SH: 13    Dex: 12    Spells: 10/10 levels left

rFire    . . .     SeeInvis .   F - +4 flail
rCold    . . .     Faith    .   c - +0 kite shield
rNeg     . . .     Spirit   .   G - +0 plate armour
rPois    .         Reflect  .   (no helmet)
rElec    .         Harm     .   z - +0 cloak
rCorr    .         Rampage  .   H - +0 pair of gloves
Will     +....                  N - +0 pair of boots
Stlth    ..........             (no amulet)
HPRegen  0.00/turn              l - +6 ring of strength
MPRegen  0.07/turn              (no ring)

@: no status effects
A: damage resistance, heal wounds, sense surroundings 2, no regeneration
a: Heal Wounds


You were on level 10 of the Dungeon.
You visited 2 branches of the dungeon, and saw 11 of its levels.
You also visited: Gauntlet.

You collected 727 gold pieces.

Inventory:

Hand Weapons
 a - a +0 war axe
 n - a +3 hand axe
 x - a +0 dagger of draining
 F - a +4 flail (weapon)
Missiles
 p - a throwing net
Armour
 b - a +0 scale mail
 c - a +0 kite shield (worn)
 h - a +1 ring mail of fire resistance
 z - a +0 cloak (worn)
 B - the +4 ring mail "Nizeg" {rC+ Regen+}
   (You found it on level 7 of the Dungeon)

   rC:        It protects you from cold.
   Regen:     It increases your rate of health regeneration.
 G - a +0 plate armour (worn)
 H - a +0 pair of gloves (worn)
 N - a +0 pair of boots (worn)
Jewellery
 e - a ring of fire
 l - a +6 ring of strength (left hand)
 w - a ring of magical power
 I - a ring of see invisible
 K - a ring of magical power
 O - a ring of ice
Wands
 t - a wand of iceblast (14)
 y - a wand of charming (12)
 A - a wand of paralysis (15)
 L - a wand of acid (10)
Scrolls
 g - 9 scrolls of identify {unknown}
 i - a scroll of blinking {unknown}
 q - 5 scrolls of teleportation {unknown}
 r - a scroll of fear {unknown}
 D - a scroll of fog {unknown}
 J - a scroll of magic mapping {unknown}
 M - a scroll of enchant armour {unknown}
Potions
 d - 2 potions of might
 f - 3 potions of lignification {unknown}
 j - 5 potions of cancellation {unknown}
 k - 3 potions of attraction {unknown}
 m - 2 potions of invisibility {unknown}
 o - 2 potions of brilliance {unknown}
 s - 5 potions of mutation {unknown}
 u - 3 potions of degeneration {unknown}
 v - a potion of curing {unknown}
 C - a potion of heal wounds {unknown}
 E - a potion of flight {unknown}


   Skills:
 + Level 5.7 Fighting
 - Level 1.1 Short Blades
 - Level 8.4(10.9) Axes
 * Level 10.3(11.3) Maces & Flails
 + Level 8.1 Armour
 + Level 4.6 Dodging
 + Level 0.9 Stealth
 + Level 10.1 Shields


You had 10 spell levels left.
You didn't know any spells.
Your spell library contained the following spells:

 Spells                   Type           Power      Damage    Failure   Level
 Corona                   Hex            0%         N/A       100%        1
 Summon Small Mammal      Summ           0%         N/A       100%        1
 Ensorcelled Hibernation  Hex/Ice        0%         N/A       100%        2
 Stone Arrow              Conj/Erth      0%         3d7       100%        3
 Tukima's Dance           Hex            0%         N/A       100%        3
 Summon Ice Beast         Ice/Summ       0%         N/A       100%        4
 Alistair's Intoxication  Tmut/Pois      0%         N/A       100%        5
 Bolt of Magma            Conj/Fire/Erth 0%         4d4       100%        5
 Borgnjor's Vile Clutch   Necr/Erth      0%         N/A       100%        5
 Fireball                 Conj/Fire      0%         3d3       100%        5
 Summon Mana Viper        Hex/Summ       0%         N/A       100%        5
 Eringya's Noxious Bog    Tmut/Pois      0%         N/A       100%        6
 Starburst                Conj/Fire      0%         8x6d3     100%        6
 Monstrous Menagerie      Summ           0%         N/A       100%        7
 Ignition                 Fire           0%         3d3       100%        8
 Shatter                  Erth           0%         3d5*      100%        9


Dungeon Overview and Level Annotations

Branches:
Dungeon (10/15)            Temple (0/1) D:5            Lair (1/6) D:10
Gauntlet (visited)
    Orc: D:9-12

Altars:
Ru
Yredelemnul

Shops:
D:1 !   D:8 *

Annotations:
D:5 2 transporters


Innate Abilities, Weirdness & Mutations

You are resistant to damage.
You can heal yourself by infusing magical energy.
You passively map the area around you.
You do not regenerate.


Message History

The kobold shouts!
You hear a shout!
There are monsters nearby!
A kobold comes into view. It is wielding a +0 short sword.
The kobold shouts!
The kobold hits you but does no damage.
You closely miss the kobold. You block the kobold's attack.
You barely miss the kobold. You block the kobold's attack.
You sock the kobold!
You kill the kobold!
A vampire comes into view.
The kobold brigand completely misses you.
You see here a +0 dagger.
You sock the kobold brigand!
The kobold brigand is heavily wounded.
The kobold brigand hits you with a +0 whip!
* * * LOW HITPOINT WARNING * * *
You sock the kobold brigand!
The kobold brigand is almost dead.
The kobold brigand hits you with a +0 whip.
You bludgeon the kobold brigand!!
You kill the kobold brigand!
You barely miss the kobold. The kobold hits you but does no damage.
You closely miss the kobold. You block the kobold's attack.
You barely miss the kobold. The kobold closely misses you.
You bludgeon the kobold!!
You kill the kobold!
The kobold throws a stone.
The stone barely misses you.
You barely miss the kobold. You sock the kobold!
You kill the kobold!
The kobold throws a stone.
The stone hits you but does no damage.
You hit the vampire.
The vampire is lightly damaged.
The vampire gestures wildly while chanting.
The vampire flickers and vanishes!
Deactivating autopickup; reactivate with Ctrl-A.
You hit something.
The kobold throws a stone.
You block the stone. Something hits you but does no damage.
Something bites you but does no damage.
You hit something. Something hits you. Something bites you.
You die... , , ,, ,, , , ,,,, , , ,<........., , , , ........ , , , ,,,, ....... , , ,, , ,, ....., , ,, , , ,,,, ..K. ,,,, , , , KK#

* * * * * * ** #{# * #@# *
#.# * #.# #.################
* #########.................
, .........................
,, ,...............<.........
...###...♣P######............
, ...#.......P.##
#[...........


You could see 3 kobolds.

Vanquished Creatures
  Fannar (Lair:1)
  A two-headed ogre (D:9)
  Joseph (D:8)
  A black mamba (Lair:1)
  3 komodo dragons (Lair:1)
  20 yaks
  4 wyverns
  2 basilisks
  An acid dragon (D:9)
  6 water moccasins
  A hornet zombie (D:9)
  2 sky beasts
  An orc warrior (D:8)
  An ogre (D:6)
  2 necrophages (D:6)
  A centaur (D:7)
  6 kobold brigands
  6 bullfrogs
  6 scorpions
  A wyvern zombie (D:7)
  A wyvern skeleton (D:7)
  11 killer bees (D:9)
  6 wights (D:8)
  2 howler monkeys (D:7)
  A bullfrog zombie (D:3)
  A centaur zombie (D:6)
  5 orc priests
  2 bullfrog skeletons
  4 hounds
  A centaur skeleton (D:6)
  3 iguanas
  13 orc wizards
  A killer bee zombie (D:6)
  4 gnolls (D:4)
  A howler monkey skeleton (D:5)
  8 adders
  2 river rats (D:6)
  2 shadow imps
  An ufetubus (D:4)
  An adder skeleton (D:4)
  2 worms
  9 dart slugs
  36 orcs
  7 bats
  6 endoplasms
  8 giant cockroaches
  12 goblins
  15 hobgoblins
  12 jackals
  2 quokkas
  8 ball pythons
  4 frilled lizards
  36 kobolds
  9 rats
303 creatures vanquished.

Vanquished Creatures (others)
  2 sky beasts
  An orc wizard (D:3)
  23 fungi
  15 plants
  3 toadstools (D:2)
44 creatures vanquished.

Grand Total: 347 creatures vanquished

Notes
Turn   | Place    | Note
-------+----------+-------------------------------------------
     0 | D:1      | Dann the Deep Dwarf Fighter began the quest for the Orb.
     0 | D:1      | Reached XP level 1. HP: 20/20 MP: 1/1
    60 | D:1      | Reached XP level 2. HP: 20/27 MP: 2/2
   207 | D:1      | Reached XP level 3. HP: 29/34 MP: 3/3
   244 | D:1      | Found Ifuneereki's Distillery.
   777 | D:2      | Found a faded altar of an unknown god.
   833 | D:2      | Got Plato's Compendium of the Well-Known Hells
   979 | D:2      | Reached XP level 4. HP: 20/42 MP: 4/4
  1097 | D:2      | Reached skill level 1 in Dodging
  1597 | D:3      | Reached XP level 5. HP: 27/49 MP: 5/5
  1832 | D:3      | Reached XP level 6. HP: 31/56 MP: 6/6
  2545 | D:4      | Reached skill level 5 in Shields
  2729 | D:4      | Identified the +0 leather armour of Daffodils {Dex+4}
  2762 | D:4      | Noticed a water moccasin
  2776 | D:4      | Killed a water moccasin
  2777 | D:4      | Reached skill level 5 in Axes
  2787 | D:4      | Found a sacrificial altar of Ru.
  2819 | D:4      | Reached XP level 7. HP: 35/62 MP: 6/6
  3318 | D:5      | Entered Level 5 of the Dungeon
  3398 | D:5      | Reached skill level 5 in Armour
  3405 | D:5      | Found a transporter.
  3422 | D:5      | Found a transporter.
  3771 | D:5      | Reached XP level 8. HP: 48/70 MP: 5/5
  3804 | D:5      | Found a basalt altar of Yredelemnul.
  3815 | D:5      | Found a staircase to the Ecumenical Temple.
  4127 | D:6      | Found a glowing drain.
  4802 | D:6      | Reached skill level 1 in Short Blades
  4915 | D:7      | Gained mutation: You passively map the area around you.
                  | [Deep Dwarf growth]
  4915 | D:7      | Reached XP level 9. HP: 27/79 MP: 5/5
  4966 | D:7      | Identified the +4 ring mail "Nizeg" {rC+ Regen+}
  5838 | D:8      | Reached skill level 1 in Maces & Flails
  5993 | D:8      | Noticed Joseph
  6010 | D:8      | Killed Joseph
  6033 | D:8      | Found Teylleruev's Assorted Antiques.
  6291 | D:8      | Reached skill level 5 in Maces & Flails
  6764 | D:9      | Reached XP level 10. HP: 72/87 MP: 4/4
  6835 | D:9      | Reached skill level 5 in Fighting
  7112 | D:9      | Noticed a two-headed ogre
  7123 | D:9      | Killed a two-headed ogre
  7922 | D:10     | Entered Level 10 of the Dungeon
  7946 | D:10     | Found a staircase to the Lair.
  8064 | D:10     | Reached XP level 11. HP: 34/96 MP: 3/3
  8102 | Lair:1   | Entered Level 1 of the Lair of Beasts
  8349 | Lair:1   | Reached skill level 10 in Shields
  8399 | Lair:1   | Identified the +0 leather armour "Avyra" {rCorr Dex+4}
  8464 | Lair:1   | Found a gate leading to a gauntlet.
  8484 | Gauntlet | Entered a Gauntlet
  8484 | Gauntlet | Found a transporter.
  8484 | Gauntlet | Noticed a brown ugly thing
  8486 | Gauntlet | Noticed a cyan ugly thing
  8486 | Gauntlet | Noticed a glowing orange brain
  8488 | Gauntlet | Found a transporter.
  8490 | Gauntlet | Noticed a glowing orange brain
  8491 | Gauntlet | Found a transporter.
  8494 | Gauntlet | Found a transporter.
  8494 | Gauntlet | Found a transporter.
  8495 | Gauntlet | Found a transporter.
  8497 | Gauntlet | Noticed a dire elephant
  8498 | Gauntlet | Noticed a quicksilver ooze
  8509 | Gauntlet | Found a transporter.
  8559 | Gauntlet | Found a transporter.
  8586 | Gauntlet | Found a transporter.
  8604 | Gauntlet | Found a transporter.
  8609 | Gauntlet | Found a transporter.
  8612 | Gauntlet | Noticed a wizard
  8615 | Gauntlet | Noticed a wizard
  8616 | Gauntlet | Found a transporter.
  8964 | Lair:1   | Reached skill level 10 in Maces & Flails
  9007 | Lair:1   | Noticed Fannar
  9057 | Lair:1   | Killed Fannar
  9372 | D:10     | HP: 1/97 [kobold brigand (4)]
  9383 | D:10     | Slain by a vampire

Illustrated notes

Levels and vault maps discovered:
D:1:      shiori_arrival_oz, layout_rooms, serial_shops, shop,
          chequers_serial_rivers_room_a, minmay_cupped
D:2:      cheibrodos_greedy_goblins, layout_basic,
          shapermc_ecumenical_altar_rom_forum, minmay_gold_behind_fungi
D:3:      layout_loops_corners, serial_rivers, chequers_serial_rivers_small_3,
          chequers_serial_rivers_small_a, chequers_serial_rivers_large_a,
          chequers_serial_rivers_small_a, chequers_serial_rivers_micro_a,
          chequers_serial_rivers_room_a, minmay_cut_off
D:4:      layout_cave_pods, mainiacjoe_overflow_cross_hatched
D:5:      gammafunk_steamed_eel, layout_basic, yredelemnul_altar_generic,
          minmay_temple_entry_junction_2
D:6:      layout_basic, portal_sewer_entry_e, chequers_serial_rivers_room_b,
          amethyst_killhole
D:7:      layout_basic, dk_noncrumbling_4
D:8:      layout_loops_ring, lightli_ossuary_entry_decrepit_ruins, serial_shops,
          nicolae_shop_behind_doors, minmay_misc_feat_iff, uniq_joseph
D:9:      layout_layer_cave, dk_noncrumbling_3
D:10:     layout_long_grid, minmay_lair_entry_grove
Lair:1:   layout_gridlike, gauntlet_entry_generic, uniq_fannar

Skill      XL: |  1  2  3  4  5  6  7  8  9 10 11 |
---------------+----------------------------------+-----
Fighting       | 3 4 5 |  5.7
Axes           | 3 4 5 7 8 |  8.4
Dodging        | 1 2 3 4 |  4.6
Shields        | 4 5 6 7 8 9 10 | 10.1
Armour         | 4 5 6 7 8 |  8.1
Short Blades   | 1 |  1.1
Maces & Flails | 5 8 10 | 10.3
Stealth        | |  0.9

Action                   |  1- 3 |  4- 6 |  7- 9 | 10-12 || total
-------------------------+-------+-------+-------+-------++-------
Melee: War axe           |   148 |    99 |       |       ||   247
       Hand axe          |       |   122 |   373 |       ||   495
       Dagger            |       |       |    31 |       ||    31
       Flail             |       |       |   213 |   394 ||   607
 Abil: Heal Wounds       |     1 |     5 |    18 |    14 ||    38
Armor: Scale mail        |    47 |       |       |       ||    47
       Ring mail         |    29 |   100 |   126 |       ||   255
       Plate armour      |       |       |    86 |   165 ||   251
Dodge: Dodged            |    55 |    64 |   166 |   112 ||   397
Block: Kite shield       |    89 |   110 |   334 |   242 ||   775
